 Dungeon Crawl Stone Soup version 0.28-a0-1382-g92835e5c71 (webtiles) character file.

Game seed: 419657701037003633

1660 enile the Covert (level 9, -10/62 HPs)
             Began as an Octopode Brigand on Jan 2, 2022.
             Was a Priest of Dithmenos.
             Mangled by a two-headed ogre (29 damage)
             ... on level 7 of the Dungeon.
             The game lasted 00:15:00 (7370 turns).

enile the Covert (Octopode Brigand)                 Turns: 7370, Time: 00:15:00

Health: -10/62     AC:  1    Str: 13    XL:     9   Next: 0%
Magic:  10/10      EV: 20    Int: 13    God:    Dithmenos [***...]
Gold:   251        SH:  0    Dex: 21    Spells: 8/8 levels left

rFire   . . .      SeeInvis .   r - +1 falchion (protect)
rCold   . . .      Faith    .   (no shield)
rNeg    . . .      Spirit   .   (helmet restricted)
rPois   +          Reflect  .   (no amulet)
rElec   .          Harm     .   k - +6 ring of dexterity
rCorr   .          Rampage  .   t - ring of poison resistance
Will    .....                   u - +4 ring of evasion
Stlth   +++++++...              (no ring)
HPRegen 0.20/turn               (no ring)
MPRegen 0.12/turn               (no ring)
                                (no ring)
                                (no ring)

@: wreathed by umbra
A: almost no armour, amphibious, 8 rings, camouflage 1, gelatinous body 1,
(nimble swimmer 1), tentacles
a: Renounce Religion, Shadow Step


You were on level 7 of the Dungeon.
You worshipped Dithmenos.
Dithmenos was most pleased with you.
You visited 1 branch of the dungeon, and saw 7 of its levels.

You collected 251 gold pieces.

Inventory:

Hand Weapons
 a - a +2 dagger
 l - a +0 short sword
 n - a +0 mace
 r - a +1 falchion of protection (weapon)
 C - a +1 scythe of venom
 D - a +1 vorpal mace
Missiles
 b - 25 poisoned darts
 e - 163 stones
 h - 3 boomerangs
Armour
 d - a +0 tower shield
Jewellery
 k - a +6 ring of dexterity (left tentacle)
 t - a ring of poison resistance (right tentacle)
 u - a +4 ring of evasion (on tentacle)
Wands
 p - a wand of polymorph (11)
 x - a wand of digging (3)
 F - a wand of flame (10) (quivered)
Scrolls
 f - a scroll of fear
 i - 2 scrolls of fog
 s - a scroll of blinking
 w - a scroll of amnesia
 y - 2 scrolls of enchant weapon
 A - a scroll of identify
 E - a scroll of teleportation
 H - a scroll of torment
Potions
 g - 3 potions of curing {unknown}
 j - a potion of resistance
 m - 2 potions of attraction
 o - a potion of magic
 q - a potion of mutation {unknown}
 v - a potion of haste {unknown}
 z - a potion of heal wounds {unknown}
 B - a potion of ambrosia
 G - a potion of invisibility {unknown}


   Skills:
 - Level 6.0 Fighting
 - Level 3.0(4.2) Short Blades
 - Level 4.5(5.0) Long Blades
 - Level 4.0 Throwing
 + Level 4.3 Dodging
 - Level 8.0 Stealth
 - Level 2.0 Invocations
 - Level 3.0 Evocations


You had 8 spell levels left.
You didn't know any spells.
Your spell library contained the following spells:

 Spells                   Type           Power      Damage    Failure   Level
 Corpse Rot               Necr/Air       0%         N/A       43%         2
 Poisonous Vapours        Pois/Air       0%         N/A       43%         2
 Gell's Gravitas          Tloc           0%         N/A       67%         3
 Lesser Beckoning         Tloc           0%         N/A       67%         3
 Teleport Other           Tloc           0%         N/A       67%         3


Dungeon Overview and Level Annotations

Branches:
Dungeon (7/15)
 Temple: D:4-7

Altars:
Dithmenos
Makhleb
Nemelex Xobeh
Trog
Uskayaw
Xom

Annotations:
D:4 3 runed translucent doors, ryw's ghost, amateur DgFi


Innate Abilities, Weirdness & Mutations

You cannot wear most types of armour.
You are amphibious.
You can wear up to eight rings at the same time.
Your skin changes colour to match your surroundings (Stealth+).
Your rubbery body absorbs attacks. (AC +1, EV +1)
((You are camouflaged when in or above water. (Stealth+)))
You have tentacles for arms and can constrict up to eight enemies at once.


Message History

Aim: a two-headed ogre, wielding a +0 giant club and a +0 giant spiked club (moderately wounded, very poisoned, slow, umbra, 79% to hit)
Okay, then.
You hit the ogre.
Your weapon exudes an aura of protection.
The ogre is lightly wounded.
The ogre closely misses you.
You hit the ogre. Your squeeze misses the ogre.
The ogre is lightly wounded.
The two-headed ogre is no longer moving slowly.
An orc opens the door.
Found a club.
A jelly comes into view.
Found a whip.
There is an open door here.
Found a wand of flame (4).
You see here a +0 club.
You open the door.
An ogre comes into view. It is wielding a +0 giant club.
There is an open door here.
You barely miss the ogre.
The ogre is lightly wounded.
The ogre completely misses you.
You slash the ogre!
Your weapon exudes an aura of protection.
Your squeeze misses the ogre.
The ogre is moderately wounded.
Aiming: Throw Flame
Press: ? - help, Q - select action, (/) - cycle Shift-Dir - straight line, f/p - two-headed ogre
Aim: a two-headed ogre, wielding a +0 giant club and a +0 giant spiked club (heavily wounded, poisoned, umbra, 86% to hit)
The puff of flame hits the two-headed ogre!
The two-headed ogre is severely wounded.
Aiming: Throw Flame
Press: ? - help, Q - select action, (/) - cycle Shift-Dir - straight line, f/p - two-headed ogre
Aim: a two-headed ogre, wielding a +0 giant club and a +0 giant spiked club (severely wounded, poisoned, umbra, 86% to hit)
The puff of flame hits the two-headed ogre.
The two-headed ogre is severely wounded.
The jelly quivers.
The two-headed ogre hits you with a +0 giant club!!
The two-headed ogre hits you with a +0 giant spiked club!!
You die...

##### ..O#
...# #.. #.#
#@# #######O##
......cSO####
.......c.g..#
.........##'##
.........'...#
.........#...#
..J......#lg.#
.....o...#...#


You could see a two-headed ogre (poisoned), a water moccasin, 2 ogres, 2
centaurs, a gnoll shaman and a jelly.

Vanquished Creatures
  Prince Ribbit (D:5)
  Sigmund (D:6)
  A steam dragon (D:5)
  Menkaure (D:5)
  A water moccasin (D:7)
  An ice beast (D:6)
  A sky beast (D:6)
  An ogre (D:4)
  A kobold brigand (D:6)
  A bullfrog (D:6)
  A scorpion (D:6)
  A water moccasin skeleton (D:6)
  A howler monkey (D:7)
  A jelly (D:6)
  2 orc priests
  A centaur skeleton (D:6)
  An iguana (D:4)
  Terence (D:3)
  2 orc wizards
  4 gnolls (D:2)
  3 adders
  An adder skeleton (D:4)
  A worm (D:4)
  12 dart slugs
  16 orcs
  2 bats
  4 endoplasms
  2 giant cockroaches (D:1)
  4 goblins
  8 hobgoblins
  9 jackals
  2 quokkas (D:1)
  7 ball pythons
  A frilled lizard (D:1)
  10 kobolds
  6 rats
113 creatures vanquished.

Notes
Turn   | Place    | Note
-------+----------+-------------------------------------------
     0 | D:1      | enile the Octopode Brigand began the quest for the Orb.
     0 | D:1      | Reached XP level 1. HP: 14/14 MP: 1/1
    32 | D:1      | Found a faded altar of an unknown god.
    41 | D:1      | Prayed at the altar of an unknown god.
    41 | D:1      | Became a worshipper of Dithmenos the Shadowed
    41 | D:1      | Reached * piety under Dithmenos
   147 | D:1      | Reached XP level 2. HP: 18/19 MP: 2/2
   265 | D:1      | Reached XP level 3. HP: 12/24 MP: 3/3
   515 | D:1      | Reached ** piety under Dithmenos
  1072 | D:2      | Found a bloodstained altar of Trog.
  1380 | D:2      | Reached XP level 4. HP: 31/31 MP: 4/4
  2275 | D:3      | Found a faded altar of an unknown god.
  2281 | D:3      | Found a sparkling altar of Nemelex Xobeh.
  2402 | D:3      | Noticed Terence
  2414 | D:3      | Killed Terence
  2415 | D:3      | Reached XP level 5. HP: 21/36 MP: 5/5
  3398 | D:4      | Noticed an ogre
  3410 | D:4      | Killed an ogre
  3411 | D:4      | Reached XP level 6. HP: 43/43 MP: 6/6
  3414 | D:4      | Found a runed translucent gate.
  3414 | D:4      | Found a runed translucent gate.
  3414 | D:4      | Found a runed translucent gate.
  3484 | D:4      | Noticed ryw's ghost (amateur DgFi)
  3687 | D:4      | Reached skill level 1 in Invocations
  4667 | D:5      | Entered Level 5 of the Dungeon
  4687 | D:5      | Reached skill level 6 in Stealth
  4687 | D:5      | Noticed Menkaure
  4688 | D:5      | Noticed Prince Ribbit
  4707 | D:5      | Reached *** piety under Dithmenos
  4733 | D:5      | Reached skill level 1 in Evocations
  5148 | D:5      | Killed Prince Ribbit
  5149 | D:5      | Reached XP level 7. HP: 48/48 MP: 8/8
  5323 | D:5      | Killed Menkaure
  5445 | D:5      | Noticed a steam dragon
  5461 | D:5      | Killed a steam dragon
  5462 | D:5      | Reached skill level 5 in Fighting
  5680 | D:5      | Found a shimmering altar of Xom.
  5906 | D:5      | Reached XP level 8. HP: 55/55 MP: 9/9
  6000 | D:5      | Found a hide-covered altar of Uskayaw.
  6026 | D:5      | Found a burning altar of Makhleb.
  6329 | D:6      | Noticed Sigmund
  6338 | D:6      | Killed Sigmund
  6791 | D:6      | Reached skill level 7 in Stealth
  6983 | D:6      | Reached skill level 8 in Stealth
  7318 | D:7      | Noticed a two-headed ogre
  7344 | D:7      | Reached XP level 9. HP: 48/62 MP: 10/10
  7370 | D:7      | Mangled by a two-headed ogre

Illustrated notes

Levels and vault maps discovered:
D:1:      lightli_arrival_isolated_outpost, layout_basic, basic_ecumenical_altar
D:2:      layout_basic, basic_altar
D:3:      layout_basic, nicolae_overflow_ecumenical_swirl,
          kennysheep_flooded_box, uniq_terence
D:4:      layout_layer_cave, ebering_ghost_rock_garden
D:5:      kennysheep_slugbush, layout_loops_ring, old_standard_altar,
          mainiacjoe_overflow_two_lobes, minmay_misc_feat_rugged,
          uniq_prince_ribbit1, uniq_menkaure
D:6:      layout_gridville, uniq_sigmund
D:7:      layout_basic, jmf_multi_god_temple2, temple_green,
          minmay_joined_circles, uniq_crazy_yiuf_cottage

Skill      XL: |  1  2  3  4  5  6  7  8 |
---------------+-------------------------+-----
Fighting       | 3 4 5 6 |  6.0
Short Blades   | 3 |  3.0
Throwing       | 3 4 |  4.0
Long Blades    | 2 3 4 |  4.5
Dodging        | 3 4 |  4.3
Invocations    | 2 |  2.0
Stealth        | 6 8 |  8.0
Evocations     | 2 3 |  3.0

Action                   |  1- 3 |  4- 6 |  7- 9 || total
-------------------------+-------+-------+-------++-------
Melee: Dagger            |    62 |    17 |       ||    79
       Tentacles         |    13 |    30 |    34 ||    77
       Constrict         |    14 |    35 |    17 ||    66
       Unarmed           |       |     6 |       ||     6
       Falchion          |       |    88 |    84 ||   172
Throw: Dart              |     5 |     8 |     4 ||    17
       Boomerang         |       |    12 |    13 ||    25
       Stone             |       |     1 |     4 ||     5
Evoke: Wand              |       |       |     2 ||     2
  Use: Scroll            |       |     7 |     5 ||    12
 Stab: Sleeping          |    14 |    18 |     5 ||    37
       Distracted        |       |     1 |       ||     1
Armor: Skin              |     4 |    24 |    11 ||    39
Dodge: Dodged            |    29 |    67 |    67 ||   163

Table legend: (Time is in decaauts)
 A = Elapsed time spent in this place.
 B = Non-inter-level travel time spent in this place.
 C = Inter-level travel time spent in this place.
 D = Time resting spent in this place.
 E = Time spent auto-exploring this place.
 F = Levels seen in this place.
 G = Mean time per level.
                   A        B        C        D        E       F      G
               +--------+--------+--------+--------+--------+-----+--------+
         Total |   7379 |   6987 |    392 |    685 |   5145 |   7 | 1054.1 |
       Dungeon |   7379 |   6987 |    392 |    685 |   5145 |   7 | 1054.1 |
               +--------+--------+--------+--------+--------+-----+--------+

Top non-repeatable levels by time:
     D:2: 1453 daAuts
     D:5: 1430 daAuts
     D:4: 1262 daAuts
     D:3: 1178 daAuts
     D:6: 1175 daAuts
     D:1: 773 daAuts
     D:7: 105 daAuts
